 Dungeon Crawl Stone Soup version 0.31-a0-955-gcb8bc90ed4 (webtiles) character file.

Game seed: 7718310225957981529

511 Conn the Sneak (level 7, -4/41 HPs)
             Began as an Octopode Fire Elementalist on Oct 22, 2023.
             Slain by Duvessa
             ... wielding a +0 short sword
              (11 damage)
             ... on level 4 of the Dungeon.
             The game lasted 00:11:01 (4874 turns).

Conn the Sneak (Octopode Fire Elementalist)         Turns: 4874, Time: 00:11:02

Health: -4/41      AC:  1    Str:  7    XL:     7   Next: 19%
Magic:  11/12      EV: 14    Int: 19    God:
Gold:   151        SH:  0    Dex: 13    Spells: 7/13 levels left

rFire   . . .        j - staff of cold
rCold   + . .        (no shield)
rNeg    . . .        (helmet restricted)
rPois   .            (no amulet)
rElec   .            t - ring of flight
rCorr   .            (no ring)
SInv    .            (no ring)
Will    .....        (no ring)
Stlth   ++           (no ring)
HPRegen 0.26/turn    (no ring)
MPRegen 0.13/turn    (no ring)
                     (no ring)

%: no passive effects
@: lit by a corona, weak-willed, flying, glowing
A: almost no armour, amphibious, 8 rings, camouflage 1, gelatinous body 1,
(nimble swimmer 1), tentacles
a: no special abilities


You were on level 4 of the Dungeon.
You visited 1 branch of the dungeon, and saw 4 of its levels.

You collected 151 gold pieces.

Inventory:

Hand Weapons
 d - a +0 dagger
 m - a +0 dagger of freezing
Missiles
 l - 4 silver javelins (quivered)
Magical Staves
 j - a staff of cold (weapon)
Jewellery
 t - a ring of flight (left tentacle)
Wands
 r - a wand of iceblast (8)
Scrolls
 f - 3 scrolls of teleportation {unknown}
 k - 6 scrolls of identify {unknown}
 p - 2 scrolls of noise {unknown}
 u - a scroll of silence {unknown}
Potions
 a - a potion of magic
 c - a potion of ambrosia
 h - 2 potions of invisibility {unknown}
 i - 3 potions of curing {unknown}
 n - a potion of degeneration {unknown}
 o - a potion of attraction {unknown}
 q - a potion of mutation {unknown}
 s - a potion of lignification {unknown}


   Skills:
 + Level 3.7 Dodging
 + Level 5.3 Stealth
 + Level 3.5 Spellcasting
 + Level 3.2 Conjurations
 + Level 4.3 Fire Magic


You had 7 spell levels left.
You knew the following spells:

 Your Spells              Type           Power      Damage    Failure   Level
a - Foxfire               Conj/Fire      68%        2x1d7     3%          1
b - Scorch                Fire           40%        2d6       3%          2
c - Inner Flame           Hex/Fire       11%        N/A       19%         3

Your spell library contained the following spells:

 Spells                   Type           Power      Damage    Failure   Level
 Volatile Blastmotes      Fire/Tloc      22%        2d11      19%         3
 Flame Wave               Conj/Fire      17%        2d7       30%         4


Dungeon Overview and Level Annotations

Branches:
Dungeon (4/15)
 Temple: D:4-7

Altars:
Yredelemnul

Annotations:
D:3 2 runed translucent doors, Crazy Yiuf; ongoing's ghost, weakling BaHs
D:4 1 runed translucent door, Duvessa; Heedrag's ghost, amateur TrFi


Innate Abilities, Weirdness & Mutations

You cannot wear most types of armour.
You are amphibious.
You can wear up to eight rings at the same time.
Your skin changes colour to match your surroundings (Stealth+).
Your rubbery body absorbs attacks. (AC +1, EV +1)
((You are camouflaged when in or above water. (Stealth+)))
You have tentacles for arms and can constrict up to eight enemies at once.


Message History

Unknown command.
Magic courses through your body. Duvessa misses you.
Dowan casts a spell at Duvessa.
Duvessa seems to speed up.
Unknown command.
Unknown command.
Casting: Scorch (safe; 3% risk of failure)
Confirm with . or Enter, or press ? or * to list all spells.
Flames lash Dowan.
Flame seeps out of Dowan.
Dowan is moderately wounded.
Dowan's fire resistance burns away.
Duvessa closely misses you.
Dowan is engulfed in blazing flames.
Duvessa weeps, and shakes her weapon.
Duvessa goes berserk!
Dowan explodes!
Duvessa hits you with a +0 short sword!!
* * * LOW HITPOINT WARNING * * *
Unknown command.
Unknown command.
Unknown command.
Okay, then.
Okay, then.
Unknown command.
Unknown command.
Unknown command.
As you read the scroll labelled ATHRACR NUWAT, it crumbles to dust.
Magic quickly surges around you.
It was a scroll of vulnerability.
Duvessa misses you.
As you read the scroll labelled JOR WAODEXKUDU, it crumbles to dust.
You assume a fearsome visage.
Duvessa is unaffected.
It was a scroll of fear.
Duvessa is no longer more vulnerable to fire.
Duvessa closely misses you. x2
Casting: Scorch (safe; 3% risk of failure)
Confirm with . or Enter, or press ? or * to list all spells.
Okay, then.
Unknown command.
Unknown command.
As you read the scroll labelled AVIS QAXIGY, it dissolves into smoke.
It was a scroll of fog.
Duvessa hits you with a +0 short sword!
You die...

######### ### #......).
#>## #$....... #..#
#........ #..# #o.......
#..# #........
####..##########........
#..#...§§@e§)§..........
#..#.###########........
#..#.# #.......! #..#.#
#........ ####..#.#
#........ #.....#.#
######### ###'#...#.#
########### #.....###.#
#.........# #.)..<# #.#
#.........#


You could see Duvessa (berserk, fast, weak-willed).

Vanquished Creatures
  An ogre (D:4)
  Dowan (D:4)
  A hound (D:4)
  2 sleepcaps (D:4)
  Ijyb (D:3)
  An iguana (D:4)
  Natasha (twice) (D:2)
  Robin (D:2)
  3 gnolls (D:4)
  4 adders
  3 worms (D:2)
  A dart slug (D:2)
  14 orcs
  3 bats
  4 endoplasms
  2 giant cockroaches
  12 goblins
  8 hobgoblins
  2 jackals (D:4)
  10 kobolds
  A quokka (D:2)
  8 ball pythons
  7 frilled lizards
  2 rats
94 creatures vanquished.

Vanquished Creatures (collateral kills)
  A foxfire (D:4)
1 creature vanquished.

Vanquished Creatures (others)
  263 foxfires
263 creatures vanquished.

Grand Total: 358 creatures vanquished

Notes
Turn   | Place    | Note
-------+----------+-------------------------------------------
     0 | D:1      | Conn the Octopode Fire Elementalist began the quest for the
                  | Orb.
     0 | D:1      | Reached XP level 1. HP: 11/11 MP: 3/3
   318 | D:1      | Reached XP level 2. HP: 17/17 MP: 0/5
   389 | D:1      | Reached skill level 3 in Stealth
  1217 | D:1      | Learned a level 2 spell: Scorch
  1339 | D:2      | Reached XP level 3. HP: 21/21 MP: 2/6
  1722 | D:2      | Noticed Robin
  1727 | D:2      | Killed Robin
  1728 | D:2      | Reached XP level 4. HP: 27/27 MP: 2/7
  1975 | D:2      | Found a faded altar of an unknown god.
  2165 | D:2      | Noticed Natasha
  2174 | D:2      | Killed Natasha
  2303 | D:2      | Reached skill level 4 in Stealth
  2642 | D:2      | Noticed Natasha
  2648 | D:2      | Killed Natasha
  2649 | D:2      | Reached XP level 5. HP: 11/31 MP: 6/9
  3273 | D:3      | Noticed Ijyb
  3296 | D:3      | Learned a level 3 spell: Inner Flame
  3308 | D:3      | Killed Ijyb
  3439 | D:3      | Found a runed translucent door.
  3440 | D:3      | Noticed Crazy Yiuf
  3648 | D:3      | Found a runed translucent door.
  3649 | D:3      | Noticed ongoing's ghost (weakling BaHs)
  3926 | D:4      | Reached XP level 6. HP: 17/36 MP: 0/10
  4014 | D:4      | Found a basalt altar of Yredelemnul.
  4259 | D:4      | Reached skill level 5 in Stealth
  4435 | D:4      | Found a runed translucent door.
  4485 | D:4      | Noticed Heedrag's ghost (amateur TrFi)
  4818 | D:4      | Reached XP level 7. HP: 23/41 MP: 1/12
  4852 | D:4      | Noticed Dowan
  4853 | D:4      | Noticed Duvessa
  4871 | D:4      | Killed Dowan
  4874 | D:4      | Slain by Duvessa

Illustrated notes

Levels and vault maps discovered:
D:1:      lemuel_arrival_funnel, layout_loops_corners, minmay_misc_feat_tower,
          minivault_5
D:2:      layout_loops_ring, ebering_ecumenical_altar_hall,
          chequers_serial_rivers_large_a, uniq_robin, uniq_natasha
D:3:      layout_loops_cross, gammafunk_ghost_grave, uniq_crazy_yiuf_cottage,
          uniq_ijyb
D:4:      kennysheep_kobold_camp, layout_basic, mainiacjoe_overflow_paths,
          ebering_ghost_sewer_d, fountainhead, uniq_duvessa

Skill      XL: |  1  2  3  4  5  6 |
---------------+-------------------+-----
Stealth        | 3 4 5 |  5.3
Conjurations   | 2 3 |  3.2
Dodging        | 3 |  3.7
Spellcasting   | 3 |  3.5
Fire Magic     | 4 |  4.3

Action                     |  1- 3 |  4- 6 |  7- 9 || total
---------------------------+-------+-------+-------++-------
  Melee: Dagger            |     5 |       |       ||     5
         Constrict         |     5 |    13 |       ||    18
         Tentacles         |     3 |    15 |       ||    18
         Staff             |     7 |    47 |       ||    54
         Punch             |       |     1 |       ||     1
  Throw: Javelin           |       |     1 |       ||     1
   Cast: Foxfire           |    59 |    90 |     5 ||   154
         Scorch            |       |    19 |     2 ||    21
         Inner Flame       |       |     2 |     3 ||     5
    Use: Scroll            |       |       |     3 ||     3
         Potion            |       |       |     2 ||     2
   Stab: Sleeping          |       |     2 |       ||     2
 Armour: Skin              |     5 |    32 |     9 ||    46
  Dodge: Dodged            |    14 |    43 |     8 ||    65

Table legend: (Time is in decaauts)
 A = Elapsed time spent in this place.
 B = Non-inter-level travel time spent in this place.
 C = Inter-level travel time spent in this place.
 D = Time resting spent in this place.
 E = Time spent auto-exploring this place.
 F = Levels seen in this place.
 G = Mean time per level.
                   A        B        C        D        E       F      G
               +--------+--------+--------+--------+--------+-----+--------+
         Total |   4883 |   4772 |    111 |      5 |   3741 |   4 | 1220.8 |
       Dungeon |   4883 |   4772 |    111 |      5 |   3741 |   4 | 1220.8 |
               +--------+--------+--------+--------+--------+-----+--------+

Top non-repeatable levels by time:
     D:2: 1452 daAuts
     D:1: 1298 daAuts
     D:4: 1100 daAuts
     D:3: 1032 daAuts
